 Dungeon Crawl Stone Soup version 0.29-a0-565-g7a16c6de65 (webtiles) character file.

Game seed: 4176465543538652079

399 Apymp the Vexing (level 6, -2/30 HPs)
             Began as a Spriggan Enchanter on June 12, 2022.
             Shot with an arrow by a centaur (12 damage)
             ... on level 5 of the Dungeon.
             The game lasted 00:09:33 (6108 turns).

Apymp the Vexing (Spriggan Enchanter)               Turns: 6108, Time: 00:09:34

Health: -2/30      AC:  2    Str:  6    XL:     6   Next: 54%
Magic:  10/16      EV: 17    Int: 17    God:
Gold:   298        SH:  0    Dex: 15    Spells: 9/17 levels left

rFire   + + .      SeeInvis +   a - +1 dagger
rCold   . . .      Faith    .   (no shield)
rNeg    . . .      Spirit   .   b - +0 robe
rPois   .          Reflect  .   (helmet restricted)
rElec   .          Harm     .   (no cloak)
rCorr   .          Rampage  .   (gloves unavailable)
Will    +....                   (boots unavailable)
Stlth   +++.......              (no amulet)
HPRegen 0.10/turn               e - ring of protection from fire
MPRegen 0.15/turn               l - ring of protection from fire

@: studying Armour, very quick
A: very small, no large weapons, unfitting armour, see invisible, speed 3, beak,
robust 1, MP-powered wands
a: no special abilities


You were on level 5 of the Dungeon.
You visited 1 branch of the dungeon, and saw 5 of its levels.

You collected 298 gold pieces.

Inventory:

Hand Weapons
 a - a +1 dagger (weapon)
 h - a +0 dagger of venom
Missiles
 s - 3 poisoned darts (quivered)
Armour
 b - a +0 robe (worn)
Jewellery
 e - a ring of protection from fire (left hand)
 l - a ring of protection from fire (right hand)
Scrolls
 g - a scroll of magic mapping
 j - a scroll of immolation
 o - a scroll of teleportation
 q - a scroll of amnesia
Potions
 c - 2 potions of invisibility
 d - 2 potions of flight
 f - a potion of lignification
 i - a potion of attraction {unknown}
 k - a potion of brilliance {unknown}
 m - 5 potions of heal wounds {unknown}
 n - a potion of degeneration {unknown}
 p - a potion of cancellation {unknown}
 r - a potion of ambrosia {unknown}


   Skills:
 - Level 1.1 Short Blades
 - Level 2.6 Dodging
 + Level 5.9 Stealth
 + Level 6.0 Spellcasting
 + Level 6.4 Hexes


You had 9 spell levels left.
You knew the following spells:

 Your Spells              Type           Power      Damage    Failure   Level
a - Ensorcelled Hibernat  Hex/Ice        32%        N/A       5%          2
b - Tukima's Dance        Hex            27%        N/A       2%          3
d - Confusing Touch       Hex            27%        N/A       2%          3

Your spell library contained the following spells:

 Spells                   Type           Power      Damage    Failure   Level
 Dazzling Flash           Conj/Hex       32%        N/A       11%         3


Dungeon Overview and Level Annotations

Branches:
Dungeon (5/15)
 Temple: D:4-7

Altars:
Hepliaklqana
Kikubaaqudgha
Yredelemnul


Innate Abilities, Weirdness & Mutations

You are very small and have problems with some larger weapons.
You are too small for most types of armour.
You have supernaturally acute eyesight. (SInv)
You cover ground extremely quickly. (Speed+++)
You have a beak for a mouth.
You are robust. (+10% HP)
You expend magic power (3 MP) to strengthen your wands.


Message History

You puncture the ice beast!
You kill the ice beast!
Your Spellcasting skill increases to level 6!
No target in view!
Magic restored.
HP restored.
As you open the door, it creaks loudly!
Unknown command.
Unknown command.
Unknown command.
There is an open door here.
Found a stone staircase leading down.
A gnoll comes into view. It is wielding a +0 spear.
Found a metallic white potion.
A gnoll shaman and a gnoll come into view.
Found an ancient bone altar of Kikubaaqudgha.
The gnoll shouts!
The gnoll shaman shouts!
You hear a shout! x2
A centaur comes into view. It is carrying a wand of iceblast (6).
A gnoll comes into view. It is wielding a +0 whip.
Casting: Confusing Touch (dangerous; 2% risk of failure)
Confirm with . or Enter, or press ? or * to list all spells.
Aiming: Tukima's Dance (dangerous; 2% risk of failure)
Press: ? - help, Shift-Dir - straight line, f - gnoll
Aim: a gnoll, wielding a +0 spear (chance to affect: 67%)
The gnoll struggles to resist.
The gnoll shouts!
The gnoll shaman calls upon its god to speed up the gnoll.
The gnoll seems to speed up.
Unknown command.
Casting: Tukima's Dance (dangerous; 2% risk of failure)
Confirm with . or Enter, or press ? or * to list all spells.
Aiming: Tukima's Dance (dangerous; 2% risk of failure)
Press: ? - help, Shift-Dir - straight line, f/p - gnoll
Aim: a gnoll, wielding a +0 spear (chance to affect: 67%)
The gnoll struggles to resist.
The centaur zaps a wand.
The mass of ice explodes!
The iceblast engulfs you!!
Ouch! That really hurt!
The centaur wields a +0 shortbow.
The centaur shoots an arrow.
The arrow hits you!
You die...

#........# #..<.....#
....... ##........#
.g..... #.........#
.g.....
####.........#
._g.8..
.......##'##.#
.....c.
####.#.##.##.#
.g.....
#.#.##.##.####....!..
..#....##.#..@.# ##
#######.#.######
...........>.....
#######.#.##.####
...#.# # .....#..
#..........
#..######### ..#


You could see a centaur, a gnoll shaman and 3 gnolls.

Vanquished Creatures
  An ice beast (D:5)
  A scorpion (D:4)
  An orc priest (D:4)
  Terence (D:3)
  10 adders
  3 worms
  A dart slug (D:3)
  9 orcs
  9 endoplasms
  8 giant cockroaches
  4 goblins
  4 hobgoblins
  7 jackals
  4 kobolds
  5 quokkas
  10 ball pythons
  6 bats
  7 frilled lizards
  3 rats
94 creatures vanquished.

Vanquished Creatures (others)
  A dancing weapon (D:3)
  7 fungi (D:5)
  2 withered plants (D:4)
10 creatures vanquished.

Grand Total: 104 creatures vanquished

Notes
Turn   | Place    | Note
-------+----------+-------------------------------------------
     0 | D:1      | Apymp the Spriggan Enchanter began the quest for the Orb.
     0 | D:1      | Reached XP level 1. HP: 9/9 MP: 5/5
   362 | D:1      | Found a faded altar of an unknown god.
   579 | D:1      | Reached XP level 2. HP: 13/13 MP: 7/7
   582 | D:1      | Learned a level 2 spell: Ensorcelled Hibernation
  1378 | D:2      | Reached XP level 3. HP: 13/16 MP: 6/9
  1984 | D:2      | Reached XP level 4. HP: 21/21 MP: 6/11
  2062 | D:2      | Reached skill level 5 in Hexes
  3201 | D:3      | Learned a level 3 spell: Tukima's Dance
  3205 | D:3      | Learned a level 3 spell: Confusing Touch
  3237 | D:3      | Noticed Terence
  3455 | D:3      | Killed Terence
  3456 | D:3      | Reached skill level 5 in Spellcasting
  3456 | D:3      | Reached XP level 5. HP: 12/24 MP: 8/13
  4533 | D:3      | Gained mutation: You expend magic power (3 MP) to
                  | strengthen your wands. [potion of mutation]
  4533 | D:3      | Gained mutation: You are robust. (+10% HP) [potion of
                  | mutation]
  4533 | D:3      | Gained mutation: You have a beak for a mouth. [potion of
                  | mutation]
  4732 | D:4      | Reached skill level 5 in Stealth
  4950 | D:4      | Reached XP level 6. HP: 19/30 MP: 15/15
  5097 | D:4      | Found a basalt altar of Yredelemnul.
  5790 | D:4      | Found a hazy altar of Hepliaklqana.
  5934 | D:5      | Entered Level 5 of the Dungeon
  5934 | D:5      | Noticed an ice beast
  5946 | D:5      | Killed an ice beast
  6106 | D:5      | Found an ancient bone altar of Kikubaaqudgha.
  6108 | D:5      | Shot with an arrow by a centaur

Illustrated notes

Levels and vault maps discovered:
D:1:      dpeg_arrival_round_a, layout_rooms, dilly_ecumenical_altar_fadedgnrine
D:2:      layout_rooms
D:3:      layout_basic, minmay_starry_boxes, uniq_terence
D:4:      layout_rooms, yredelemnul_altar_generic, nzn_hepliaklqana_mist_gate
D:5:      layout_basic, grunt_temple_overflow_open, dreamdust_mushroom_princess,
          minmay_curled_crystal, kennysheep_generic_room_8, uniq_pikel,
          uniq_edmund

Skill      XL: |  1  2  3  4  5  6 |
---------------+-------------------+-----
Spellcasting   | 3 4 5 6 |  6.0
Hexes          | 4 5 6 |  6.4
Stealth        | 5 |  5.9
Short Blades   | |  1.1
Dodging        | |  2.6

Action                   |  1- 3 |  4- 6 || total
-------------------------+-------+-------++-------
Melee: Dagger            |    99 |   220 ||   319
       Punch             |     1 |     1 ||     2
       Peck              |       |     5 ||     5
 Cast: Ensorcelled Hiber |    11 |    34 ||    45
       Tukima's Dance    |       |     5 ||     5
       Confusing Touch   |       |     2 ||     2
  Use: Scroll            |       |    13 ||    13
       Potion            |       |     2 ||     2
 Stab: Sleeping          |    12 |    23 ||    35
       Confused          |       |     2 ||     2
Armor: Robe              |    15 |    17 ||    32
Dodge: Dodged            |    83 |   215 ||   298

Table legend: (Time is in decaauts)
 A = Elapsed time spent in this place.
 B = Non-inter-level travel time spent in this place.
 C = Inter-level travel time spent in this place.
 D = Time resting spent in this place.
 E = Time spent auto-exploring this place.
 F = Levels seen in this place.
 G = Mean time per level.
                   A        B        C        D        E       F      G
               +--------+--------+--------+--------+--------+-----+--------+
         Total |   5084 |   4946 |    138 |   1404 |   2735 |   5 | 1016.8 |
       Dungeon |   5084 |   4946 |    138 |   1404 |   2735 |   5 | 1016.8 |
               +--------+--------+--------+--------+--------+-----+--------+

Top non-repeatable levels by time:
     D:3: 1748 daAuts
     D:1: 1315 daAuts
     D:2: 1149 daAuts
     D:4: 710 daAuts
     D:5: 160 daAuts
